TOP OF THE 1ST |
Oklahoma City Dodgers batting - Pitching for El Paso Chihuahuas : RHP Justin Jones
|
Pitching: RHP Justin Jones
|
|
Batting: RHB Jose Ramirez
|
0-0: Ball 1-0: Ball 2-0: SINGLE (Line Drive, 89M, EV 112.5 MPH)
|
Batting: RHB Theo Schepers
|
0-0: Foul Ball, location: 2F 0-1: Ball 1-1: Called Strike Jose Ramirez steals 2nd base (no throw) 1-2: Ball 2-2: Ball 3-2: Strikes out swinging
|
Batting: LHB Steve Pond
|
0-0: Called Strike 0-1: Foul Ball, location: 2F 0-2: SINGLE (Groundball, 34D, EV 112.5 MPH) Jose Ramirez to third Runner from 3rd tries for Home, throw by RF and OUT! 9-2 Steve Pond to second
|
Batting: RHB Tommy Hunter
|
0-0: Ball 1-0: Called Strike 1-1: Foul Ball, location: 2F 1-2: Strikes out swinging
|
Top of the 1st over - 0 runs, 2 hits, 0 errors, 1 left on base; Oklahoma City 0 - El Paso 0 |
BOTTOM OF THE 1ST |
El Paso Chihuahuas batting - Pitching for Oklahoma City Dodgers : LHP Jonathan Daniels
|
Pitching: LHP Jonathan Daniels
|
|
Batting: RHB Robby Godwin
|
0-0: Swinging Strike 0-1: Called Strike 0-2: Foul Ball, location: 2F 0-2: Foul Ball, location: 2F 0-2: Strikes out swinging
|
Batting: RHB Jeff Brower
|
0-0: Ball 1-0: Foul Ball, location: 2F 1-1: Ball 2-1: Swinging Strike 2-2: Ball 3-2: Strikes out looking
|
Batting: RHB Mike Hayward
|
0-0: Foul Ball, location: 2F 0-1: Ball 1-1: SINGLE (Groundball, 56S, EV 75.0 MPH) (infield hit)
|
Batting: RHB Andy Sheridan
|
0-0: Ball 1-0: Ball 2-0: Ball 3-0: Called Strike 3-1: Foul Ball, location: 2F 3-2: Foul Ball, location: 2F 3-2: Strikes out swinging
|
Bottom of the 1st over - 0 runs, 1 hit, 0 errors, 1 left on base; Oklahoma City 0 - El Paso 0 |
TOP OF THE 2ND |
Oklahoma City Dodgers batting - Pitching for El Paso Chihuahuas : RHP Justin Jones
|
Batting: RHB Carlos Gonzalez
|
0-0: Ball 1-0: Ball 2-0: Ball 3-0: Called Strike 3-1: SINGLE (Line Drive, 7S, EV 103.8 MPH)
|
Batting: LHB Darrell Ortega
|
0-0: Ball 1-0: Called Strike 1-1: Swinging Strike 1-2: Strikes out swinging
|
Batting: RHB Alex Cid
|
0-0: Called Strike 0-1: Ball 1-1: Fly out, F7 (Flyball, 78M, EV 86.9 MPH)
|
Batting: LHB Doug Frampton
|
0-0: Swinging Strike 0-1: Called Strike Carlos Gonzalez is caught stealing 2nd base 2-6
|
Top of the 2nd over - 0 runs, 1 hit, 0 errors, 0 left on base; Oklahoma City 0 - El Paso 0 |
BOTTOM OF THE 2ND |
El Paso Chihuahuas batting - Pitching for Oklahoma City Dodgers : LHP Jonathan Daniels
|
Batting: RHB Dave Cluster
|
0-0: Ball 1-0: Ball 2-0: Called Strike 2-1: Foul Ball, location: 2F 2-2: Ball 3-2: Foul Ball, location: 2F 3-2: Ground out 6-3 (Groundball, 6, EV 99.4 MPH)
|
Batting: SHB Adam Martin
|
0-0: Ball 1-0: Ball 2-0: Foul Ball, location: 2F 2-1: Swinging Strike 2-2: Ball 3-2: Base on Balls
|
Batting: LHB Carlos Cuellar
|
0-0: Ball 1-0: 2-RUN HOME RUN (Flyball, 9D, EV 98.1 MPH), Distance : 379 ft
|
Batting: LHB Hugo MacBeth
|
0-0: Ball 1-0: Ball 2-0: Called Strike 2-1: DOUBLE (Line Drive, 7LS, EV 96.2 MPH)
|
Batting: SHB Harrison McLaughlin
|
0-0: Ball 1-0: Ground out 5-3 (Groundball, 56S, EV 81.9 MPH)
|
Batting: RHB Robby Godwin
|
0-0: Swinging Strike 0-1: Foul Ball, location: 2F 0-2: Strikes out swinging
|
Bottom of the 2nd over - 2 runs, 2 hits, 0 errors, 1 left on base; Oklahoma City 0 - El Paso 2 |
TOP OF THE 3RD |
Oklahoma City Dodgers batting - Pitching for El Paso Chihuahuas : RHP Justin Jones
|
Batting: LHB Doug Frampton
|
0-0: Called Strike 0-1: Ball 1-1: Ball 2-1: Called Strike 2-2: Ball 3-2: Strikes out swinging, 2-3 out at first.
|
Batting: RHB Kevin Ezell
|
0-0: Ball 1-0: DOUBLE (Line Drive, 9LD, EV 106.9 MPH)
|
Batting: RHB Jose Ramirez
|
0-0: Ground out 4-3 (Groundball, 34, EV 81.2 MPH) Kevin Ezell to third
|
Batting: RHB Theo Schepers
|
0-0: Foul Ball, location: 2F 0-1: Ball 1-1: Swinging Strike 1-2: Foul Ball, location: 2F 1-2: Foul Ball, location: 2F 1-2: Ball 2-2: Ball 3-2: SINGLE (Line Drive, 89S, EV 104.4 MPH) Kevin Ezell scores
|
Batting: LHB Steve Pond
|
0-0: Ball Theo Schepers steals 2nd base (no throw) 1-0: Ball 2-0: Ball 3-0: DOUBLE (Line Drive, 7LM, EV 105.0 MPH) Theo Schepers scores
|
Batting: RHB Tommy Hunter
|
0-0: Swinging Strike 0-1: Ground out 4-3 (Groundball, 4, EV 105.6 MPH)
|
Top of the 3rd over - 2 runs, 3 hits, 0 errors, 1 left on base; Oklahoma City 2 - El Paso 2 |
BOTTOM OF THE 3RD |
El Paso Chihuahuas batting - Pitching for Oklahoma City Dodgers : LHP Jonathan Daniels
|
Batting: RHB Jeff Brower
|
0-0: Swinging Strike 0-1: Swinging Strike 0-2: Strikes out swinging
|
Batting: RHB Mike Hayward
|
0-0: Ball 1-0: Ball 2-0: Foul Ball, location: 2F 2-1: Ball 3-1: Foul Ball, location: 2F 3-2: Foul Ball, location: 2F 3-2: Base on Balls
|
Batting: RHB Andy Sheridan
|
0-0: Foul Ball, location: 2F 0-1: Called Strike 0-2: Foul Ball, location: 2F 0-2: Fielders Choice at 2nd, 3-6 (Groundball, 23, EV 86.2 MPH)
|
Batting: RHB Dave Cluster
|
0-0: Ball 1-0: Ball 2-0: Ground out 5-3 (Groundball, 56S, EV 86.2 MPH)
|
Bottom of the 3rd over - 0 runs, 0 hits, 0 errors, 1 left on base; Oklahoma City 2 - El Paso 2 |
TOP OF THE 4TH |
Oklahoma City Dodgers batting - Pitching for El Paso Chihuahuas : RHP Justin Jones
|
Batting: RHB Carlos Gonzalez
|
0-0: Ball 1-0: Called Strike 1-1: Called Strike 1-2: Ball 2-2: Strikes out looking
|
Batting: LHB Darrell Ortega
|
0-0: Fly out, F3 (Popup, 3F, EV 69.4 MPH)
|
Batting: RHB Alex Cid
|
0-0: SOLO HOME RUN (Flyball, 78XD, EV 100.6 MPH), Distance : 425 ft
|
Batting: LHB Doug Frampton
|
0-0: Called Strike 0-1: Foul Ball, location: 2F 0-2: Ball 1-2: Ball 2-2: Fly out, F4 (Line Drive, 34D, EV 105.6 MPH)
|
Top of the 4th over - 1 run, 1 hit, 0 errors, 0 left on base; Oklahoma City 3 - El Paso 2 |
BOTTOM OF THE 4TH |
El Paso Chihuahuas batting - Pitching for Oklahoma City Dodgers : LHP Jonathan Daniels
|
Batting: SHB Adam Martin
|
0-0: Ball 1-0: Ball 2-0: Ground out U3 (Groundball, 13, EV 83.1 MPH)
|
Batting: LHB Carlos Cuellar
|
0-0: Ball 1-0: Ball 2-0: Ground out 4-3 (Groundball, 4, EV 86.9 MPH)
|
Batting: LHB Hugo MacBeth
|
0-0: Foul Ball, location: 2F 0-1: Fly out, F8 (Line Drive, 8RD, EV 90.0 MPH)
|
Bottom of the 4th over - 0 runs, 0 hits, 0 errors, 0 left on base; Oklahoma City 3 - El Paso 2 |
TOP OF THE 5TH |
Oklahoma City Dodgers batting - Pitching for El Paso Chihuahuas : RHP Justin Jones
|
Batting: RHB Kevin Ezell
|
0-0: Ball 1-0: Ball 2-0: Called Strike 2-1: Ball 3-1: Ground out 3-1 (Groundball, 34, EV 79.4 MPH)
|
Batting: RHB Jose Ramirez
|
0-0: Ball 1-0: Ball 2-0: Foul Ball, location: 2F 2-1: Ball 3-1: Base on Balls
|
Batting: RHB Theo Schepers
|
0-0: Called Strike Jose Ramirez steals 2nd base 0-1: Foul Ball, location: 2F 0-2: Ball 1-2: Strikes out swinging
|
Batting: LHB Steve Pond
|
0-0: Called Strike 0-1: Foul Ball, location: 2F 0-2: Strikes out swinging
|
Top of the 5th over - 0 runs, 0 hits, 0 errors, 1 left on base; Oklahoma City 3 - El Paso 2 |
BOTTOM OF THE 5TH |
El Paso Chihuahuas batting - Pitching for Oklahoma City Dodgers : LHP Jonathan Daniels
|
Batting: SHB Harrison McLaughlin
|
0-0: Ball 1-0: Foul Ball, location: 2F 1-1: SINGLE (Groundball, 4, EV 103.1 MPH)
|
Batting: RHB Robby Godwin
|
0-0: Ball 1-0: Ball 2-0: Foul Ball, location: 2F 2-1: Fly out, F7 (Flyball, 7, EV 91.2 MPH)
|
Batting: RHB Jeff Brower
|
0-0: Ball 1-0: Called Strike 1-1: Foul Ball, location: 2F 1-2: Grounds into double play, 1-6-3 (Groundball, 34S, EV 67.5 MPH)
|
Bottom of the 5th over - 0 runs, 1 hit, 0 errors, 0 left on base; Oklahoma City 3 - El Paso 2 |
TOP OF THE 6TH |
Oklahoma City Dodgers batting - Pitching for El Paso Chihuahuas : RHP Justin Jones
|
Batting: RHB Tommy Hunter
|
0-0: Called Strike 0-1: DOUBLE (Line Drive, 9LS, EV 106.2 MPH)
|
Batting: RHB Carlos Gonzalez
|
0-0: Ball 1-0: Ball 2-0: Foul Ball, location: 2F 2-1: Foul Ball, location: 2F 2-2: Foul Ball, location: 2F 2-2: Foul Ball, location: 2F 2-2: Ground out 6-3 (Groundball, 6, EV 91.9 MPH) Tommy Hunter to third
|
Batting: LHB Darrell Ortega
|
0-0: Ball 1-0: Ball 2-0: Ball 3-0: Called Strike 3-1: Foul Ball, location: 2F 3-2: Base on Balls
|
Pitching: RHP Frank Diaz
|
|
Batting: RHB Alex Cid
|
0-0: Ball 1-0: Foul Ball, location: 2F 1-1: Foul Ball, location: 2F 1-2: Strikes out swinging
|
Batting: LHB Doug Frampton
|
0-0: Swinging Strike 0-1: Called Strike 0-2: Strikes out looking
|
Top of the 6th over - 0 runs, 1 hit, 0 errors, 2 left on base; Oklahoma City 3 - El Paso 2 |
BOTTOM OF THE 6TH |
El Paso Chihuahuas batting - Pitching for Oklahoma City Dodgers : LHP Jonathan Daniels
|
Pitching: LHP Ramon Escobedo
|
|
Batting: RHB Mike Hayward
|
0-0: Fly out, F8 (Flyball, 8LD, EV 105.6 MPH)
|
Batting: RHB Andy Sheridan
|
0-0: SINGLE (Groundball, 3D, EV 94.4 MPH)
|
Batting: RHB Dave Cluster
|
0-0: Fielders Choice at 2nd, 6-4 (Groundball, 6, EV 103.8 MPH)
|
Pinch Hitting: RHB Jerry Escamilla
|
0-0: Ball 1-0: Ball 2-0: Foul Ball, location: 2F 2-1: Ball 3-1: Foul Ball, location: 2F 3-2: Ground out 1-3 (Groundball, 13S, EV 64.4 MPH)
|
Bottom of the 6th over - 0 runs, 1 hit, 0 errors, 1 left on base; Oklahoma City 3 - El Paso 2 |
TOP OF THE 7TH |
Oklahoma City Dodgers batting - Pitching for El Paso Chihuahuas : RHP Frank Diaz
|
Now in RF: Danny Bunn
|
|
Batting: RHB Kevin Ezell
|
0-0: Ball 1-0: Ball 2-0: Ground out 6-3 (Groundball, 6, EV 93.1 MPH)
|
Batting: RHB Jose Ramirez
|
0-0: Ball 1-0: Called Strike 1-1: Foul Ball, location: 2F 1-2: Ball 2-2: Foul Ball, location: 2F 2-2: Strikes out swinging
|
Batting: RHB Theo Schepers
|
0-0: Ball 1-0: Called Strike 1-1: Reached on error, E6 (Groundball, 6, EV 83.1 MPH)
|
Batting: LHB Steve Pond
|
0-0: Called Strike Theo Schepers steals 2nd base 0-1: Foul Ball, location: 2F 0-2: Strikes out swinging
|
Top of the 7th over - 0 runs, 0 hits, 1 error, 1 left on base; Oklahoma City 3 - El Paso 2 |
BOTTOM OF THE 7TH |
El Paso Chihuahuas batting - Pitching for Oklahoma City Dodgers : LHP Ramon Escobedo
|
Batting: LHB Carlos Cuellar
|
0-0: Ground out 4-3 (Groundball, 4, EV 100.0 MPH)
|
Batting: LHB Hugo MacBeth
|
0-0: Called Strike 0-1: Fly out, F9 (Flyball, 9D, EV 106.2 MPH)
|
Batting: SHB Harrison McLaughlin
|
0-0: Called Strike 0-1: Foul Ball, location: 2F 0-2: Ball 1-2: Strikes out swinging
|
Bottom of the 7th over - 0 runs, 0 hits, 0 errors, 0 left on base; Oklahoma City 3 - El Paso 2 |
TOP OF THE 8TH |
Oklahoma City Dodgers batting - Pitching for El Paso Chihuahuas : RHP Frank Diaz
|
Batting: RHB Tommy Hunter
|
0-0: Ball 1-0: Called Strike 1-1: Fly out, F9 (Line Drive, 9, EV 95.0 MPH)
|
Batting: RHB Carlos Gonzalez
|
0-0: Fly out, F7 (Flyball, 7, EV 90.0 MPH)
|
Batting: LHB Darrell Ortega
|
0-0: Ball 1-0: Ball 2-0: Called Strike 2-1: Ball 3-1: Base on Balls
|
Batting: RHB Alex Cid
|
0-0: Ball 1-0: Foul Ball, location: 2F 1-1: Swinging Strike 1-2: Strikes out swinging
|
Top of the 8th over - 0 runs, 0 hits, 0 errors, 1 left on base; Oklahoma City 3 - El Paso 2 |
BOTTOM OF THE 8TH |
El Paso Chihuahuas batting - Pitching for Oklahoma City Dodgers : LHP Ramon Escobedo
|
Batting: RHB Robby Godwin
|
0-0: Ball 1-0: Fly out, F8 (Flyball, 89M, EV 84.4 MPH)
|
Batting: RHB Jeff Brower
|
0-0: Ball 1-0: Swinging Strike 1-1: Ground out 4-3 (Groundball, 4, EV 81.9 MPH)
|
Batting: RHB Mike Hayward
|
0-0: Ball 1-0: Fly out, F9 (Line Drive, 9, EV 88.8 MPH)
|
Bottom of the 8th over - 0 runs, 0 hits, 0 errors, 0 left on base; Oklahoma City 3 - El Paso 2 |
TOP OF THE 9TH |
Oklahoma City Dodgers batting - Pitching for El Paso Chihuahuas : RHP Frank Diaz
|
Pitching: RHP Colin Dorsey
|
|
Batting: LHB Doug Frampton
|
0-0: Called Strike 0-1: Ball 1-1: Swinging Strike 1-2: Ball 2-2: Foul Ball, location: 2F 2-2: Ball 3-2: Foul Ball, location: 2F 3-2: Fly out, F4 (Line Drive, 34, EV 62.5 MPH)
|
Pinch Hitting: LHB Stephen Van Raalte
|
0-0: Called Strike 0-1: Ball 1-1: Ball 2-1: Foul Ball, location: 2F 2-2: Foul Ball, location: 2F 2-2: Strikes out looking
|
Batting: RHB Jose Ramirez
|
0-0: Foul Ball, location: 2F 0-1: Ball 1-1: Ball 2-1: Swinging Strike 2-2: Ball 3-2: Foul Ball, location: 2F 3-2: Base on Balls
|
Batting: RHB Theo Schepers
|
0-0: Ball Jose Ramirez steals 2nd base 1-0: Swinging Strike 1-1: Called Strike 1-2: Strikes out swinging
|
Top of the 9th over - 0 runs, 0 hits, 0 errors, 1 left on base; Oklahoma City 3 - El Paso 2 |
BOTTOM OF THE 9TH |
El Paso Chihuahuas batting - Pitching for Oklahoma City Dodgers : LHP Ramon Escobedo
|
Pitching: RHP Jared Wisham
|
|
Now at C: Rick Pittman
|
|
Batting: LHB Angel Mejia
|
0-0: Called Strike 0-1: Ball 1-1: Ball 2-1: SINGLE (Line Drive, 34D, EV 97.5 MPH)
|
Pinch Hitting: LHB Robin More
|
0-0: Ball 1-0: Ball 2-0: Ball 3-0: Base on Balls Angel Mejia to second
|
Pinch Hitting: LHB Rich Atterberry
|
0-0: Called Strike 0-1: Foul Ball, location: 2F 0-2: Strikes out looking
|
Batting: LHB Carlos Cuellar
|
0-0: Ball 1-0: Called Strike 1-1: SINGLE (Groundball, 4D, EV 94.4 MPH) Angel Mejia to third Robin More to second Runner from 3rd tries for Home, SAFE, throw by RF to home
|
Batting: LHB Hugo MacBeth
|
0-0: SINGLE (Line Drive, 5D, EV 100.6 MPH) Robin More to third Carlos Cuellar to second
|
Batting: SHB Harrison McLaughlin
|
0-0: Called Strike 0-1: Called Strike 0-2: Strikes out swinging
|
Batting: RHB Robby Godwin
|
0-0: Ground out 3-1 (Groundball, 34, EV 84.4 MPH)
|
Bottom of the 9th over - 1 run, 3 hits, 0 errors, 3 left on base; Oklahoma City 3 - El Paso 3 |
TOP OF THE 10TH |
Oklahoma City Dodgers batting - Pitching for El Paso Chihuahuas : RHP Colin Dorsey
|
Now at 3B: Harrison McLaughlin
|
|
Now at SS: Robin More
|
|
Now in RF: Rich Atterberry
|
|
Batting: LHB Steve Pond
|
0-0: Called Strike 0-1: Foul Ball, location: 2F 0-2: Foul Ball, location: 2F 0-2: Ball 1-2: Strikes out swinging
|
Batting: RHB Tommy Hunter
|
0-0: Called Strike 0-1: Ball 1-1: Called Strike 1-2: Ball 2-2: Foul Ball, location: 2F 2-2: Ball 3-2: Foul Ball, location: 2F 3-2: Foul Ball, location: 2F 3-2: Base on Balls
|
Pitching: RHP Jose Ramos
|
|
Batting: RHB Carlos Gonzalez
|
0-0: Called Strike 0-1: Called Strike Tommy Hunter steals 2nd base 0-2: Foul Ball, location: 2F 0-2: Ball 1-2: Ground out 5-3 (Groundball, 25, EV 88.1 MPH)
|
Batting: LHB Darrell Ortega
|
0-0: Ball 1-0: SINGLE (Groundball, 34D, EV 103.1 MPH) Tommy Hunter to third Throwing error, E9 Tommy Hunter scores Darrell Ortega to second
|
Batting: LHB Tore Bosch
|
0-0: Ball 1-0: Foul Ball, location: 2F 1-1: Ground out 4-3 (Groundball, 4M, EV 88.1 MPH)
|
Top of the 10th over - 1 run, 1 hit, 1 error, 1 left on base; Oklahoma City 4 - El Paso 3 |
BOTTOM OF THE 10TH |
El Paso Chihuahuas batting - Pitching for Oklahoma City Dodgers : RHP Jared Wisham
|
Pitching: RHP André Gaillard
|
|
Batting: RHB Jeff Brower
|
0-0: Ground out 4-3 (Groundball, 34, EV 101.2 MPH)
|
Batting: RHB Mike Hayward
|
0-0: Foul Ball, location: 2F 0-1: Ball 1-1: Ball 2-1: Foul Ball, location: 2F 2-2: SINGLE (Line Drive, 89S, EV 98.8 MPH)
|
Batting: LHB Angel Mejia
|
0-0: Ball 1-0: Foul Ball, location: 2F 1-1: Ball 2-1: Fly out, F5 (Popup, 5S, EV 84.4 MPH)
|
Batting: LHB Robin More
|
0-0: Called Strike 0-1: Ball 1-1: Swinging Strike 1-2: Ball 2-2: Ball 3-2: Strikes out swinging
|
Bottom of the 10th over - 0 runs, 1 hit, 0 errors, 1 left on base; Oklahoma City 4 - El Paso 3 |
|